 Dungeon Crawl Stone Soup version 0.31-a0-466-g98c9adc2b6 (webtiles) character file.

Game seed: 5727062880709306880

27 senseless the Slasher (level 2, 0/24 HPs)
             Began as a Demigod Gladiator on Aug 5, 2023.
             Succumbed to an adder's poison
             ... on level 2 of the Dungeon.
             The game lasted 00:01:02 (734 turns).

senseless the Slasher (Demigod Gladiator)            Turns: 734, Time: 00:01:02

Health: 0/24       AC:  4    Str: 15    XL:     2   Next: 72%
Magic:  4/4        EV: 12    Int: 10    God:
Gold:   23         SH:  0    Dex: 15    Spells: 1/1 levels left

rFire   . . .        a - +0 long sword
rCold   . . .        (no shield)
rNeg    . . .        b - +0 leather armour
rPois   .            c - +0 helmet
rElec   .            (no cloak)
rCorr   .            (no gloves)
SInv    .            (no boots)
Will    +....        (no amulet)
Stlth   +            (no ring)
HPRegen 0.24/turn    (no ring)
MPRegen 0.09/turn

%: no passive effects
@: lethally poisoned (0 -> -5), enlightened, flying
A: high MP 1, forlorn, divine attributes
a: no special abilities


You were on level 2 of the Dungeon.
You visited 1 branch of the dungeon, and saw 2 of its levels.

You collected 23 gold pieces.

Inventory:

Hand Weapons
 a - a +0 long sword (weapon)
Missiles
 d - 3 throwing nets (quivered)
 e - a javelin
Armour
 b - a +0 leather armour (worn)
 c - a +0 helmet (worn)
Scrolls
 f - a scroll of revelation {unknown}
Potions
 h - a potion of haste {unknown}


   Skills:
 + Level 2.1 Fighting
 + Level 3.0 Long Blades
 + Level 2.2 Throwing
 + Level 3.0 Dodging


You had one spell level left.
You didn't know any spells.
Your spell library was empty.

Dungeon Overview and Level Annotations

Branches:
Dungeon (2/15)


Innate Abilities, Weirdness & Mutations

You have an increased reservoir of magic. (+10% MP)
You shall have no god before yourself.
Your divine heritage dramatically boosts your attributes as you level up.


Message History

You miss the adder. The adder bites you.
You are poisoned.
The adder poisons you! The adder bites you but does no damage.
You hit the adder.
The adder is moderately wounded.
You feel sick. The adder bites you.
You are more poisoned.
The adder poisons you!
You hit the adder.
The adder is almost dead.
You feel very sick. The adder bites you.
You are lethally poisoned!
The adder poisons you! The adder misses you.
The giant cockroach closely misses you.
You closely miss the adder.
The adder is almost dead.
You feel very sick. The adder bites you but does no damage.
The giant cockroach bites you but does no damage.
The adder bites you.
* * * LOW HITPOINT WARNING * * *
You barely miss the adder.
The adder is almost dead.
* * * LOW HITPOINT WARNING * * *
You feel very sick.
The giant cockroach bites you but does no damage.
The adder bites you but does no damage. The giant cockroach bites you.
* * * LOW HITPOINT WARNING * * *
You slash the adder!
You kill the adder!
* * * LOW HITPOINT WARNING * * *
You feel very sick.
The giant cockroach completely misses you.
Your Long Blades skill increases to level 3!
Your Dodging skill increases to level 3!
It was a potion of enlightenment.
You feel very buoyant.
You fly up into the air.
You die...

... #.. #...
.#...#
#.....#########.#
.........?......#
...⌠..B...#######
......†@.†....#
#.....#######<#
+#... #.# #.. #.#
#. ..# #. ### #


You could see a giant cockroach.

Vanquished Creatures
  An adder (D:2)
  A dart slug (D:1)
  3 endoplasms (D:1)
  A giant cockroach (D:2)
  A kobold (D:1)
  A quokka (D:1)
  6 ball pythons (D:1)
  2 bats
  A goblin (D:1)
17 creatures vanquished.

Notes
Turn   | Place    | Note
-------+----------+-------------------------------------------
     0 | D:1      | senseless the Demigod Gladiator began the quest for the
                  | Orb.
     0 | D:1      | Reached XP level 1. HP: 17/17 MP: 3/3
   312 | D:1      | Reached XP level 2. HP: 24/24 MP: 4/4
   733 | D:2      | HP: 1/24 [poisoned by an adder]
   734 | D:2      | Succumbed to an adder's poison

Illustrated notes

Levels and vault maps discovered:
D:1:      sevenhm_arrival_forest_fort_large_2, layout_loops_cross
D:2:      layout_loops_ring, basic_altar, serial_park_tiny_1,
          grunt_ministairs_6, minmay_misc_feat_diagonals,
          minmay_increasing_density

Skill      XL: |  1  2 |
---------------+-------+-----
Fighting       | 2 |  2.1
Throwing       | 2 |  2.2
Long Blades    | 3 |  3.0
Dodging        | 3 |  3.0

Action                     || total
---------------------------++-------
  Melee: Long sword        ||    36
    Use: Potion            ||     1
 Armour: Leather armour    ||    10
  Dodge: Dodged            ||    28

Table legend: (Time is in decaauts)
 A = Elapsed time spent in this place.
 B = Non-inter-level travel time spent in this place.
 C = Inter-level travel time spent in this place.
 D = Time resting spent in this place.
 E = Time spent auto-exploring this place.
 F = Levels seen in this place.
 G = Mean time per level.
                   A        B        C        D        E       F      G
               +--------+--------+--------+--------+--------+-----+--------+
         Total |    743 |    694 |     49 |      0 |    580 |   2 |  371.5 |
       Dungeon |    743 |    694 |     49 |      0 |    580 |   2 |  371.5 |
               +--------+--------+--------+--------+--------+-----+--------+

Top non-repeatable levels by time:
     D:1: 720 daAuts
     D:2: 22 daAuts
